 Dungeon Crawl Stone Soup version 0.19-a0-835-gf140595 (webtiles) character file.

253 Implojin the Chopper (level 5, 0/45 HPs)
             Began as a Minotaur Fighter on June 30, 2016.
             Was an Initiate of Cheibriados.
             Killed from afar by Dowan (6 damage)
             ... with a puff of flame
             ... on level 4 of the Dungeon.
             The game lasted 00:04:22 (634 turns).

Implojin the Chopper (Minotaur Fighter)              Turns: 634, Time: 00:04:23

Health: 0/45       AC:  5    Str: 19 (21) XL:     5   Next: 90%
Magic:  4/4        EV:  8    Int:  5 (6)  God:    Cheibriados [......]
Gold:   34         SH:  9    Dex: 10 (12) Spells: 0 memorised, 4 levels left

rFire  . . .     SeeInvis .     a - +0 war axe
rCold  . . .     Gourm    .     m - +0 ring mail
rNeg   . . .     Faith    .     c - +0 shield
rPois  .         Spirit   .     (helmet restricted)
rElec  .         Dismiss  .     (no cloak)
rCorr  .         Reflect  .     (no gloves)
SustAt .         Harm     .     (no boots)
MR     .....                    (no amulet)
Stlth  ..........               (no ring)
                                (no ring)

@: very slow, not resistant to hostile enchantments, extremely unstealthy
A: retaliatory headbutt, horns 2
a: Bend Time, Renounce Religion


You were on level 4 of the Dungeon.
You worshipped Cheibriados.
Cheibriados was noncommittal.
You were not hungry.

You visited 1 branch of the dungeon, and saw 4 of its levels.

You collected 34 gold pieces.

Inventory:

Hand Weapons
 a - a +0 war axe (weapon)
Missiles
 e - 2 tomahawks (quivered)
Armour
 b - a +0 scale mail
 c - a +0 shield (worn)
 m - a +0 ring mail (worn)
Jewellery
 l - an uncursed ring of sustain attributes {unknown}
Wands
 d - a wand of flame (33/48)
 k - a wand of teleportation (5/9)
Comestibles
 f - a bread ration
 j - a meat ration


   Skills:
 - Level 3.6 Fighting
 * Level 7.5 Axes
 - Level 3.6 Armour
 - Level 3.6 Shields


You had 4 spell levels left.
You didn't know any spells.

Dungeon Overview and Level Annotations

Branches:
Dungeon (4/15)
 Temple: D:4-7

Altars:
Cheibriados
Gozag
Trog
Zin

Annotations:
D:4 Dowan, Duvessa, Grinder


Innate Abilities, Weirdness & Mutations

You reflexively headbutt those who attack you in melee.
You have a pair of horns on your head.


Message History

Duvessa shouts!
Grinder comes into view.
Grinder shouts!
A worker ant comes into view.
Okay, then.
You aren't carrying any spellbooks or scrolls.
Okay, then.
Okay, then.
You aren't carrying any spellbooks or scrolls.
It was a potion of cancellation.
You feel magically purged. Dowan casts a spell at you.
The puff of frost hits you!
* * * LOW HITPOINT WARNING * * *
Grinder gestures at you.
You barely resist.
Unknown command.
It was a potion of ambrosia.
You are confused.
You feel invigorated. Grinder hits you.
* * * LOW HITPOINT WARNING * * *
You writhe in agony.
* * * LOW HITPOINT WARNING * * *
It was a potion of degeneration.
There was something very wrong with that liquid.
You feel weakened.
You feel dopey.
You feel clumsy. Grinder hits you.
* * * LOW HITPOINT WARNING * * *
You writhe in agony.
* * * LOW HITPOINT WARNING * * *
You bump into the rock wall.
Duvessa hits you with a short sword.
* * * LOW HITPOINT WARNING * * *
Grinder hits you but does no damage.
Unknown command.
You closely miss Grinder. You closely miss Duvessa.
You feel less invigorated.
You feel less confused. Duvessa hits you with a short sword.
* * * LOW HITPOINT WARNING * * *
Dowan points at you and mumbles some strange words.
The puff of flame hits you!
You die...

########.##................§.
.........##................##
....÷....#######.............
########.#######.....(....###
## #.#....##............. 8##
#.#....##..........### ..#
#.#....##.e........#
..######.......#.e.###......
8.......##.....#@### .......
#######.##.....#5# .)..... #
#.##.....#a. ...... ##
#.######.#.#. ... . #.#
#.#.... ## #.# #.#.# .. .# #
#.######.#.# ...
.#.##.#........#.. ...
.#.#...........#


You could see Grinder, Duvessa, Dowan and a worker ant.

Vanquished Creatures
  Eustachio (D:4)
  An orc priest (D:4)
  2 hound skeletons (D:4)
  An adder (D:4)
  2 worms (D:2)
  8 orcs (D:4)
  2 giant cockroaches
  2 goblins (D:1)
  2 hobgoblins (D:1)
  4 jackals
  3 quokkas (D:2)
  A ball python (D:2)
  A bat (D:1)
  2 giant newts
  3 rats (D:2)
35 creatures vanquished.

Notes
Turn   | Place    | Note
--------------------------------------------------------------
     0 | D:1      | Implojin the Minotaur Fighter began the quest for the Orb.
     0 | D:1      | Reached XP level 1. HP: 19/19 MP: 0/0
    27 | D:1      | Reached skill level 3 in Axes
    38 | D:1      | Reached XP level 2. HP: 8/26 MP: 1/1
   167 | D:2      | Reached skill level 4 in Axes
   279 | D:2      | You fall through a shaft for 2 floors!
   312 | D:4      | Found an opulent altar of Gozag.
   313 | D:4      | Found a snail-covered altar of Cheibriados.
   313 | D:4      | Found a glowing silver altar of Zin.
   314 | D:4      | Found a bloodstained altar of Trog.
   327 | D:4      | Became a worshipper of Cheibriados the Contemplative
   356 | D:4      | Reached XP level 3. HP: 26/31 MP: 2/2
   393 | D:4      | Reached skill level 5 in Axes
   393 | D:4      | Reached XP level 4. HP: 13/39 MP: 3/3
   473 | D:4      | Noticed Eustachio
   494 | D:4      | Killed Eustachio
   494 | D:4      | Reached skill level 7 in Axes
   494 | D:4      | Reached XP level 5. HP: 3/45 MP: 4/4
   622 | D:4      | Noticed Dowan
   623 | D:4      | Noticed Duvessa
   629 | D:4      | Noticed Grinder
   634 | D:4      | Killed from afar by Dowan

Vault maps used:
D:1:      minmay_arrival_four_loops, minmay_distorted
D:2:      first_bread, minmay_heptomino_o4, uniq_terence
D:3:      nicolae_overflow_crystal_walls, minmay_bisected, uniq_iyjb
D:4:      minitemple, hangedman_abyss_or_decor_stabs,
          kennysheep_generic_room_11, uniq_eustachio, uniq_duvessa, uniq_grinder

Skill      XL: |  1  2  3  4 |
---------------+-------------+-----
Axes           | 3 4 5 7 |  7.5
Fighting       | |  3.6
Armour         | |  3.6
Shields        | |  3.6

Action                   |  1- 3 |  4- 6 || total
-------------------------+-------+-------++-------
Melee: War axe           |    45 |    38 ||    83
       Headbutt          |     6 |     8 ||    14
Throw: Tomahawk          |       |     2 ||     2
  Use: Scroll            |     1 |       ||     1
       Potion            |       |     4 ||     4
Armor: Scale mail        |    24 |     5 ||    29
       Ring mail         |       |    11 ||    11
Dodge: Dodged            |    24 |     7 ||    31
Block: Shield            |    38 |    11 ||    49

Table legend:
 A = Turns spent in this place as a percentage of turns spent in the entire game.
 B = Non-inter-level travel turns spent in this place as a percentage of non-inter-level travel turns spent in the entire game.
 C = Inter-level travel turns spent in this place as a percentage of turns spent in this place.
 D = Turns resting spent in this place as a percentage of non-inter-level travel turns spent in this place.
 E = Turns spent auto-exploring this place as a percentage of non-inter-level travel turns spent in this place.
 F = Non-inter-level travel turns spent in this place divided by the number of levels of this place that you've seen.
                   A       B       C       D       E      F
               +-------+-------+-------+-------+-------+----------------------
         Total | 100.0 | 100.0 |   0.0 |   0.0 |   0.0 | 162.8
       Dungeon | 100.0 | 100.0 |   0.0 |   0.0 |   0.0 | 162.8
               +-------+-------+-------+-------+-------+----------------------

Table legend:
 A = Kills in this place as a percentage of kills in entire the game.
 B = Kills by you in this place as a percentage of kills by you in the entire game.
 C = Kills by friends in this place as a percentage of kills by friends in the entire game.
 D = Other kills in this place as a percentage of other kills in the entire game.
 E = Experience gained in this place as a percentage of experience gained in the entire game.
 F = Experience gained in this place divided by the number of levels of this place that you have seen.
                   A       B       C       D       E      F
               +-------+-------+-------+-------+-------+----------------------
         Total | 100.0 | 100.0 |  -nan |  -nan | 100.0 |  90.5
       Dungeon | 100.0 | 100.0 |  -nan |  -nan | 100.0 |  90.5
               +-------+-------+-------+-------+-------+----------------------
